Map: 이터널 엠파이어 - 래더

Players

Dear

  • Race: Protoss Protoss
  • Spawn Location: 1:00

Dark - Winner!

  • Race: Zerg Zerg
  • Spawn Location: 7:00

Event: IEM Katowice 2020

VOD

Have the link to the VOD?

Description

Time

  • Played on: Feb. 27, 2020, 6:01 a.m.
  • Length: 13:10

All games in this series

Show
View Real Time Build Order
Export as new Build Order

Dear Protoss 

Build Orders: 1 Gate Expand, Oracle Opening, Phoenix Opening, Zealot Archon, Archon Drop 

Get SALT Encoding   

  12  0:00  Probe  
  13  0:12  Probe  
  14  0:18  Pylon  
  14  0:25  Probe  
  15  0:30  Assimilator  
  15  0:37  Probe (Chrono Boost)  
  16  0:44  Gateway  
  16  0:49  Probe (Chrono Boost)  
  17  0:54  Probe (Chrono Boost)  
  18  1:04  Probe  
  19  1:16  Probe  
  20  1:23  Nexus  
  20  1:33  Cybernetics Core  
  20  1:36  Probe  
  21  1:41  Assimilator  
  21  1:48  Probe  
  21  1:51  Pylon  
  22  2:00  Probe  
  23  2:07  Adept (Chrono Boost)  
  23  2:12  Probe  
  23  2:14  Stargate  
  26  2:19  Warp Gate  
  26  2:25  Probe (Chrono Boost)  
  26  2:29  Adept  
  29  2:35  Probe (Chrono Boost)  
  29  2:37  Probe (Chrono Boost)  
  31  2:45  Probe x2 (Chrono Boost)  
  31  2:51  Probe x2  
  33  2:57  Phoenix (Chrono Boost)  
  37  3:03  Probe x2  
  39  3:15  Probe x2  
  39  3:16  Pylon  
  39  3:19  Oracle (Chrono Boost)  
  44  3:23  Gateway  
  44  3:27  Probe x2  
  44  3:30  Assimilator  
  46  3:34  Assimilator  
  46  3:39  Probe  
  46  3:40  Probe  
  48  3:44  Robotics Facility  
  48  3:51  Probe, Twilight Council  
  48  3:52  Probe  
  50  3:58  Pylon  
  50  4:03  Probe  
  50  4:04  Probe  
  50  4:07  Adept  
  54  4:13  Gateway  
  54  4:16  Gateway  
  54  4:18  Probe x2  
  56  4:26  Gateway  
  56  4:27  Charge (Chrono Boost)  
  56  4:29  Gateway  
  56  4:35  Templar Archives  
  56  4:40  Warp Prism (Chrono Boost)  
  58  4:47  Pylon  
  58  4:55  Zealot  
  58  4:56  Zealot  
  62  5:08  Nexus  
  62  5:10  Pylon  
  62  5:12  Pylon  
  62  5:20  High Templar x2  
  62  5:21  High Templar x2  
  70  5:24  Archon x2  
  70  5:29  Zealot x2  
  70  5:30  Probe x2  
  70  5:32  Observer  
  79  5:51  Pylon  
  79  5:54  Observer  
  79  5:57  Zealot x4  
  86  6:18  Zealot x6  
  80  6:19  Warp Prism (Chrono Boost)  
  80  6:24  Zealot x6  
  78  6:28  Probe x2 (Chrono Boost)  
  78  6:29  Probe (Chrono Boost)  
  74  6:40  Probe x3 (Chrono Boost)  
  74  6:44  High Templar  
  74  6:45  Probe x3 (Chrono Boost), High Templar x3, Zealot  
  74  6:46  Zealot  
  89  6:49  Archon x2  
  89  6:52  Gateway  
  89  6:55  Probe x3, Gateway  
  89  6:57  Assimilator x2  
  92  7:07  Gateway  
  92  7:08  High Templar x2  
  92  7:10  Gateway  
  92  7:12  Pylon x2  
  92  7:13  Archon  
  96  7:21  Zealot x4  
  104  7:36  Gateway  
  104  7:42  Zealot x2  
  107  7:49  High Templar x2  
  107  7:50  High Templar x2  
  113  7:53  Archon  
  113  7:54  Archon  
  109  8:00  Zealot x2  
  109  8:03  Pylon  
  82  8:21  Zealot x5  
  82  8:26  High Templar x2, Zealot  
  98  8:33  Archon  
  98  8:39  High Templar  
  98  8:40  High Templar, Zealot x3  
  108  8:41  Zealot  
  108  8:44  Archon  
  110  8:50  High Templar  
  110  8:51  High Templar  
  110  8:52  Zealot  
  116  8:55  Archon  
  110  9:12  Zealot x6  
  110  9:13  Zealot x2  
  90  9:30  Zealot  
  90  9:31  Zealot  
  84  9:32  Zealot x2  
  84  9:33  Zealot x6  
  61  9:52  Probe  
  61  9:53  Probe x2  
  61  9:55  High Templar x3  
  61  9:56  High Templar x3  
  61  9:59  Archon x2  
  75  10:00  Archon  
  75  10:02  Zealot x3  
  75  10:04  Zealot  
  75  10:05  Probe x3  
  86  10:22  Immortal (Chrono Boost)  
  86  10:26  Robotics Facility  
  90  10:31  Sentry x3  
  90  10:32  Sentry  
  98  10:36  Forge  
  98  10:45  Nexus  
  98  10:54  Immortal (Chrono Boost)  
  102  11:06  Probe  
  102  11:07  Probe x2  
  102  11:09  Pylon  
  105  11:12  Pylon  
  105  11:16  Immortal (Chrono Boost)  
  109  11:19  Probe x3  
  112  11:26  Immortal (Chrono Boost)  
  116  11:35  High Templar  
  116  11:36  High Templar x3  
  124  11:40  Archon x2  
  124  11:46  Immortal (Chrono Boost)  
  128  11:48  Pylon  
  126  11:55  Immortal (Chrono Boost)  
  130  12:02  Zealot x3  
  130  12:04  Zealot  
  120  12:10  Sentry x2  
  108  12:20  Probe x3  
  97  12:31  Immortal  
  97  12:34  Probe x2  
  97  12:35  Probe x2  
  99  12:46  Zealot x3  
  93  12:56  Zealot x3  
Show
View Real Time Build Order
Export as new Build Order

Dark Zerg - Winner!

Build Orders: Hatch First 

Get SALT Encoding   

  12  0:00  Drone  
  13  0:12  Overlord  
  13  0:17  Drone  
  14  0:31  Drone x2  
  16  0:48  Hatchery  
  15  0:52  Drone  
  15  0:55  Drone  
  17  0:58  Drone  
  18  1:08  Extractor  
  17  1:13  Spawning Pool  
  17  1:16  Drone  
  17  1:20  Drone  
  18  1:28  Drone  
  19  1:39  Drone  
  20  1:47  Hatchery  
  20  1:51  Drone  
  20  2:00  Queen  
  22  2:03  Drone  
  22  2:05  Drone  
  24  2:15  Queen  
  26  2:21  Overlord  
  26  2:24  Drone  
  26  2:26  Drone  
  28  2:38  Queen  
  28  2:39  Drone x2  
  28  2:41  Zergling x2  
  33  2:45  Metabolic Boost  
  33  2:50  Drone  
  34  2:55  Drone x2  
  36  2:59  Queen  
  37  3:11  Drone  
  37  3:13  Zergling x4  
  37  3:14  Drone x2  
  37  3:18  Drone  
  37  3:19  Drone  
  42  3:23  Overlord  
  42  3:29  Overlord  
  42  3:31  Overlord  
  42  3:38  Evolution Chamber  
  42  3:41  Drone, Queen  
  42  3:43  Overlord  
  42  3:47  Drone  
  45  3:48  Drone x2  
  45  3:49  Drone  
  45  3:53  Spore Crawler  
  47  3:56  Drone  
  47  3:57  Spore Crawler  
  47  3:59  Drone  
  47  4:00  Drone  
  49  4:07  Drone x4  
  53  4:11  Zerg Melee Weapons Level 1  
  53  4:15  Drone x2  
  55  4:18  Overlord  
  55  4:19  Drone  
  56  4:29  Drone x3  
  57  4:31  Drone x3  
  57  4:35  Drone x2  
  62  4:42  Drone x2  
  62  4:43  Baneling Nest  
  62  4:45  Drone x2  
  65  4:48  Overlord  
  65  4:53  Extractor  
  65  4:56  Overlord  
  65  4:57  Overlord  
  65  4:59  Zergling x4  
  65  5:05  Overlord  
  65  5:07  Zergling x2  
  65  5:08  Zergling x10  
  65  5:12  Spore Crawler  
  70  5:15  Zergling x2  
  71  5:23  Queen  
  71  5:24  Hatchery  
  72  5:29  Zergling x16  
  80  5:39  Baneling x2  
  80  5:40  Baneling x6  
  80  5:41  Overlord  
  80  5:45  Zergling x12  
  80  5:48  Baneling x2  
  86  5:54  Spine Crawler x2, Queen  
  86  6:01  Roach Warren  
  86  6:03  Zergling x8  
  89  6:10  Baneling x2  
  73  6:21  Zergling x26  
  73  6:25  Drone x3  
  77  6:27  Drone  
  77  6:30  Drone  
  79  6:35  Lair  
  79  6:36  Drone x3  
  82  6:40  Drone  
  82  6:47  Roach x4  
  89  6:53  Roach x3  
  97  6:56  Drone  
  97  6:57  Drone x4  
  100  7:05  Baneling x3  
  100  7:07  Drone x4  
  103  7:09  Extractor, Overlord  
  103  7:10  Extractor  
  103  7:11  Extractor  
  103  7:14  Roach x2  
  103  7:15  Drone x2  
  106  7:19  Roach x2  
  110  7:23  Drone  
  110  7:24  Overlord  
  110  7:28  Hatchery  
  109  7:34  Zergling x4, Roach x2  
  109  7:35  Zergling x8  
  119  7:42  Zergling x2  
  119  7:43  Zergling x8  
  123  7:44  Zergling x2  
  122  7:55  Roach  
  122  7:56  Roach x5  
  124  8:02  Roach x5  
  124  8:03  Overlord  
  124  8:08  Drone x4  
  119  8:13  Drone x2  
  119  8:17  Roach  
  119  8:18  Roach  
  122  8:21  Glial Reconstitution  
  122  8:23  Zergling x8  
  122  8:25  Ravager x2  
  128  8:32  Roach  
  128  8:33  Roach x2, Overlord x3  
  134  8:35  Zerg Missile Weapons Level 1  
  134  8:39  Overlord  
  134  8:43  Baneling x2  
  134  8:45  Roach x3  
  134  8:48  Overlord  
  140  8:53  Roach x4  
  148  9:01  Baneling x4  
  146  9:03  Roach x3  
  146  9:04  Roach  
  149  9:15  Roach x6  
  140  9:19  Roach x2  
  140  9:23  Roach x2  
  132  9:26  Zergling x2  
  132  9:28  Queen  
  123  9:34  Roach x3  
  123  9:35  Roach  
  111  9:38  Roach  
  111  9:41  Roach  
  111  9:45  Roach  
  105  9:51  Drone x3  
  98  9:55  Drone x2  
  98  9:58  Drone  
  98  9:59  Drone  
  102  10:03  Drone  
  102  10:05  Drone  
  104  10:20  Queen, Drone x3  
  104  10:21  Drone x2  
  110  10:26  Roach x3  
  116  10:31  Roach x2  
  116  10:34  Ravager  
  116  10:35  Ravager x3  
  124  10:38  Roach x2  
  124  10:40  Roach  
  130  10:45  Zerg Missile Weapons Level 2  
  130  10:46  Drone x2  
  132  10:52  Roach x2  
  134  10:58  Roach x3  
  139  11:06  Roach x2  
  139  11:07  Zergling x6, Roach  
  139  11:08  Zergling x2  
  139  11:09  Zergling x2  
  150  11:13  Roach  
  150  11:16  Ravager x4  
  156  11:19  Zergling x6  
  156  11:20  Zergling x2  
  156  11:25  Zergling x4  
  162  11:26  Overlord  
  162  11:33  Zergling x2  
  162  11:34  Ravager x3  
  162  11:35  Roach x3  
  162  11:38  Zergling x6  
  175  11:40  Zergling x2  
  175  11:43  Ravager  
  175  11:45  Zergling x8, Ravager  
  181  11:49  Roach  
  181  11:51  Roach x2  
  187  11:57  Zergling x6  
  183  12:22  Roach x2  
  168  12:27  Zergling x8  
  168  12:28  Zergling x2, Roach x8  
  163  12:30  Roach x2  
  163  12:32  Roach  
  163  12:34  Roach x2  

Tags
 
Add a new tag
Caveats
  • Supply blocks, unpowered buildings, or Contaminate may cause inaccurate times.
  • Supply counts are checked every 10 seconds.